AoeStats
← Kaer Morhen

Baltic

510362032Analyzed
3v3 RM · 1d ago on Sep 30, 2026· 14m 7s· 6 players
Game mode
Random Map
Map size
Normal (6 player)
Population
200
Speed
Normal
Resources
Standard
Victory
Conquest
Starting age
Dark Age
Ending age
Imperial Age
RankedLock teamsTeams togetherTeam positionsShared explorationLock speedFull tech treeHidden civsTurbo modeCheats
Victory
Defeat
🇧🇪 Byzantines · Belgium
1332
+14
🇧🇪 Spanish · Belgium
1332
+14
🇧🇪 Dravidians · Belgium
1304
+16
🇵🇱 Malay · Poland
1331
-16
🇨🇿 Spanish · Czechia
1319
-16
🇮🇱 Vikings · Israel
1237
-12
GoodFunHaveLuck
11:52 Feudal Age
Mike
8:38 Loom
10:42 Feudal Age
11:40 Double-Bit Axe
Kaer Morhen
4:18 Loom
10:31 Feudal Age
14:45 Castle Age
Sky
11:25 Feudal Age
12:55 Fletching
13:03 Double-Bit Axe
13:57 Fishing Lines
Matthis
3:33 Loom
12:01 Feudal Age
12:51 Double-Bit Axe
12:46 Horse Collar
12:56 Fishing Lines
Pizzaboy4you44
8:49 Loom
10:34 Feudal Age
13:09 Double-Bit Axe
13:26 Horse Collar
Connection lost

Rejoining the realm…

Still unreachable

The connection could not be restored.

Session expired

The server has moved on; the page needs a fresh start.